 Dungeon Crawl Stone Soup version 0.17.2 (webtiles) character file.

380 Scarto the Shield-Bearer (level 6, -2/56 HPs)
             Began as a Minotaur Fighter on May 11, 2016.
             Slain by a gnoll
             ... wielding a +0 halberd
              (8 damage)
             ... on level 4 of the Dungeon on June 2, 2016.
             The game lasted 00:05:25 (2136 turns).

Scarto the Shield-Bearer (Minotaur Fighter)         Turns: 2136, Time: 00:05:25

Health: -2/56      AC:  7    Str: 22    XL:     6   Next: 46%
Magic:  5/5        EV:  9    Int:  5    God:
Gold:   213        SH: 10    Dex: 10    Spells: 0 memorised, 5 levels left

rFire  . . .     SeeInvis .     a - +0 war axe
rCold  . . .     Clarity  .     b - +0 scale mail
rNeg   . . .     SustAt   .     c - +0 shield
rPois  .         Gourm    +     (helmet restricted)
rElec  .         Spirit   .     (no cloak)
rCorr  .         Warding  .     (no gloves)
rMut   .         Stasis   .     (no boots)
MR     .....                    j - amulet of the gourmand
Stlth  ..........               (no ring)
                                (no ring)

@: invisible, not resistant to hostile enchantments, extremely unstealthy
A: retaliatory headbutt, horns 2
a: no special abilities


You were on level 4 of the Dungeon.
You were not hungry.

You visited 1 branch of the dungeon, and saw 4 of its levels.

You collected 213 gold pieces.

Inventory:

Hand Weapons
 a - a +0 war axe (weapon)
 p - a +2 mace of draining
Armour
 b - a +0 scale mail (worn)
 c - a +0 shield (worn)
Jewellery
 j - an amulet of the gourmand (around neck)
Wands
 e - a wand of lightning (7)
 s - a wand of confusion (14)
Scrolls
 d - a scroll of magic mapping
 g - a scroll of remove curse
 h - 4 scrolls of identify
 i - 2 scrolls of enchant armour {unknown}
 l - a scroll of teleportation {unknown}
 n - a scroll of fear {unknown}
 r - 2 scrolls of amnesia {unknown}
 u - a scroll of recharging {unknown}
Potions
 k - 2 potions of cure mutation
 m - a potion of invisibility
 o - a potion of curing
 t - a potion of magic {unknown}
Comestibles
 f - 3 meat rations
 q - a beef jerky


   Skills:
 + Level 5.0 Fighting
 + Level 3.8 Axes
 + Level 5.1 Armour
 + Level 2.3 Dodging
 + Level 0.1 Stealth
 + Level 5.7 Shields


You had 5 spell levels left.
You didn't know any spells.

Dungeon Overview and Level Annotations

Branches:
Dungeon (4/15)
 Temple: D:4-7

Altars:
Nemelex Xobeh


Innate Abilities, Weirdness & Mutations

You reflexively headbutt those who attack you in melee.
You have a pair of horns on your head.


Message History

You hit the gnoll.
The gnoll is almost dead.
You hit the worm.
The worm is heavily wounded.
You block the gnoll sergeant's attack. You block the gnoll's attack.
The gnoll hits you from afar with a halberd!
* * * LOW HITPOINT WARNING * * *
The gnoll hits you from afar with a halberd.
* * * LOW HITPOINT WARNING * * *
The worm bites you but does no damage.
The gnoll sergeant hits you but does no damage.
Space bends around you.
* * * LOW HITPOINT WARNING * * *
Drink which item? (? for menu, Esc to quit)
You fade into invisibility!
The gnoll closely misses you. You furiously retaliate!
You headbutt the gnoll.
You kill the gnoll!
The gnoll closely misses you.
The gnoll hits you from afar with a halberd!
You die...

### #.......#
##..###.####....
#########
#..#...........
######..#.#.#######.
#....#..#§#.....#
#....#..#.#####.#
#....#..#.#
#....#[g..#
###....#wg†.#
./.......@)g..#
......[..##...#
.........#....#
........h#..%.#
.........#....#
....?##### +####
#.#### ..


You could see a gnoll sergeant, a worm, a hound (wandering) and 2 gnolls.

Vanquished Creatures
  2 ogres (D:4)
  A scorpion (D:4)
  An orc wizard (D:3)
  A worker ant (D:4)
  A gnoll (D:4)
  5 adders
  2 worms
  3 giant geckos
  3 orcs (D:3)
  6 bats
  5 giant cockroaches
  4 hobgoblins
  A quokka (D:4)
  A ball python (D:4)
  3 giant newts
  10 goblins
  6 kobolds
  5 rats
60 creatures vanquished.

Notes
Turn   | Place    | Note
--------------------------------------------------------------
     0 | D:1      | Scarto the Minotaur Fighter began the quest for the Orb.
     0 | D:1      | Reached XP level 1. HP: 19/19 MP: 0/0
    59 | D:1      | Reached XP level 2. HP: 22/27 MP: 1/1
   129 | D:1      | Reached skill level 4 in Shields
   332 | D:1      | Found a sparkling altar of Nemelex Xobeh.
   724 | D:2      | Reached XP level 3. HP: 33/33 MP: 2/2
  1310 | D:3      | Reached XP level 4. HP: 37/40 MP: 3/3
  1401 | D:3      | Reached skill level 1 in Dodging
  1821 | D:4      | Noticed an ogre
  1825 | D:4      | Killed an ogre
  1825 | D:4      | Reached skill level 5 in Shields
  1825 | D:4      | Reached XP level 5. HP: 47/47 MP: 4/4
  1993 | D:4      | Noticed an ogre
  1998 | D:4      | Killed an ogre
  1998 | D:4      | Reached skill level 5 in Armour
  1998 | D:4      | Reached XP level 6. HP: 50/55 MP: 5/5
  2131 | D:4      | Reached skill level 5 in Fighting
  2136 | D:4      | Slain by a gnoll

Action                   |  1- 3 |  4- 6 || total
-------------------------+-------+-------++-------
Melee: War axe           |   114 |    46 ||   160
  Use: Scroll            |     7 |       ||     7
       Potion            |       |     2 ||     2
  Eat: Bread ration      |     1 |       ||     1
